 Dungeon Crawl Stone Soup version 0.23-a0-629-gae4348f (webtiles) character file.

107 Arthanis the Firebug (level 4, -4/24 HPs)
             Began as a Deep Elf Fire Elementalist on Dec 26, 2018.
             Killed by divine providence
             ... invoked by an orc priest
              (13 damage)
             ... on level 3 of the Dungeon.
             The game lasted 00:04:31 (2146 turns).

Arthanis the Firebug (Deep Elf Fire Elementalist)   Turns: 2146, Time: 00:04:32

Health: -4/24      AC:  2    Str: 10    XL:     4   Next: 56%
Magic:  2/11       EV: 13    Int: 21    God:
Gold:   85         SH:  0    Dex: 15    Spells: 2/10 levels left

rFire    . . .     SeeInvis .   e - +0 dagger
rCold    . . .     Gourm    .   (no shield)
rNeg     . . .     Faith    .   a - +0 robe
rPois    .         Spirit   .   (no helmet)
rElec    .         Reflect  .   (no cloak)
rCorr    .         Harm     .   (no gloves)
MR       .....                  (no boots)
Stlth    ++........             p - amulet of the acrobat
HPRegen  0.08/turn              k - +5 ring of strength
MPRegen  0.12/turn              (no ring)

@: no status effects
A: no striking features
a: no special abilities


You were on level 3 of the Dungeon.
You were not hungry.

You visited 1 branch of the dungeon, and saw 3 of its levels.

You collected 85 gold pieces.

Inventory:

Hand Weapons
 e - a +0 dagger (weapon)
 q - a +0 trident
Armour
 a - a +0 robe (worn)
Jewellery
 k - a +5 ring of strength (left hand)
 p - an amulet of the acrobat (around neck)
Scrolls
 b - 3 scrolls of enchant weapon {unknown}
 i - 3 scrolls of identify {unknown}
 l - 2 scrolls of teleportation {unknown}
 o - 2 scrolls of fog {unknown}
Potions
 d - a potion of mutation {unknown}
 f - a potion of might {unknown}
 g - a potion of resistance {unknown}
 h - 2 potions of berserk rage {unknown}
 m - a potion of ambrosia {unknown}
 n - a potion of cancellation {unknown}
Comestibles
 c - 8 rations
 j - 4 chunks of flesh


   Skills:
 - Level 2.4 Dodging
 - Level 2.4 Stealth
 + Level 3.9 Spellcasting
 * Level 3.1 Conjurations
 * Level 4.5 Fire Magic


You had 2 spell levels left.
You knew the following spells:

 Your Spells              Type           Power        Failure   Level  Hunger
a - Flame Tongue          Conj/Fire      ###..        2%          1    None
b - Conjure Flame         Conj/Fire      ###.....     8%          3    ###....
c - Sticky Flame          Conj/Fire      ###.....     24%         4    ####...

Your spell library contained the following spells:

 Spells                   Type           Power        Failure   Level  Hunger
 Throw Flame              Conj/Fire      ###...       3%          2    #......
 Inner Flame              Hex/Fire       ##......     14%         3    ###....
 Fireball                 Conj/Fire      ###.......   56%         5    ######.


Dungeon Overview and Level Annotations

Branches:
Dungeon (3/15)

Altars:
Elyvilon


Message History

You feel less confused. The orc hits you with a +0 club.
Casting: Flame Tongue (safe; 2% risk of failure)
Confirm with . or Enter, or press ? or * to list all spells.
Aiming: Flame Tongue (safe; 2% risk of failure)
Press: ? - help, Shift-Dir - straight line, f - orc
Aim: an orc, wielding a +0 club and wearing a +0 leather armour The flame tongue hits the orc.
You kill the orc!
Casting: Flame Tongue (safe; 2% risk of failure)
Confirm with . or Enter, or press ? or * to list all spells.
Aiming: Flame Tongue (safe; 2% risk of failure)
Press: ? - help, Shift-Dir - straight line, f - orc priest
Aim: an orc priest, wielding a +0 mace The flame tongue hits the orc priest.
The orc priest is severely wounded.
The orc priest calls down the wrath of Beogh upon you.
Beogh smites you!
Ouch! That really hurt!
You die...

###### [ #....# ... #....# #
....o########....############
........o..o@..............##
.....########...)##........##
... ####...........## .
#.#.........## #.#.........##
#.#.........## #.#.........##
#.#...รท....>##
#.#.#)########


You could see an orc priest and an orc.

Vanquished Creatures
  3 adders (D:2)
  An ooze (D:1)
  2 worms
  3 dart slugs
  2 leopard geckos (D:3)
  5 orcs (D:3)
  A ball python (D:2)
  9 goblins
  8 hobgoblins
  2 kobolds
  2 quokkas (D:3)
  4 bats
  5 frilled lizards
  9 rats
56 creatures vanquished.

Notes
Turn   | Place    | Note
-------+----------+-------------------------------------------
     0 | D:1      | Arthanis the Deep Elf Fire Elementalist began the quest for
                  | the Orb.
     0 | D:1      | Reached XP level 1. HP: 10/10 MP: 6/6
   214 | D:1      | Reached XP level 2. HP: 15/15 MP: 5/8
   904 | D:1      | Reached XP level 3. HP: 18/19 MP: 4/9
   920 | D:2      | Learned a level 3 spell: Conjure Flame
   990 | D:2      | Reached skill level 4 in Fire Magic
  1256 | D:2      | Reached XP level 4. HP: 15/24 MP: 8/11
  1262 | D:2      | Learned a level 4 spell: Sticky Flame
  1329 | D:2      | Found a white marble altar of Elyvilon.
  2146 | D:3      | Killed from afar by an orc priest

Vault maps used:
D:1:      nagdon_arrival_zigzag_paths, serial_bayou, serial_bayou_lagoon_a,
          serial_bayou_shore_a, serial_bayou_pond_e, serial_bayou_lake_a,
          serial_bayou_ford_a, chequers_serial_rivers_room_b
D:2:      lemuel_round_altar
D:3:      cheibrodos_ashenzari_chains, hex_tiny

Skill      XL: |  1  2  3  4 |
---------------+-------------+-----
Conjurations   | 2 3 |  3.1
Fire Magic     | 4 |  4.5
Dodging        | |  2.4
Stealth        | |  2.4
Spellcasting   | |  3.9

Action                   |  1- 3 |  4- 6 || total
-------------------------+-------+-------++-------
Melee: Dagger            |     7 |     6 ||    13
 Cast: Flame Tongue      |    51 |    45 ||    96
 Stab: Sleeping          |     1 |     1 ||     2
  Eat: Chunk             |     1 |     3 ||     4
Armor: Robe              |     1 |     1 ||     2
Dodge: Dodged            |    19 |    22 ||    41

Table legend:
 A = Non-vault XP
 B = Vault XP
 C = Vault XP percentage of total XP
 D = Non-vault monster count
 E = Vault monster count
 F = Vault count percentage of total count
                 A         B        C        D         E       F
            +---------+---------+-------+---------+---------+-------
      Total |     153 |       0 |   0.0 |      56 |       0 |   0.0
            +---------+---------+-------+---------+---------+-------
        D:1 |      41 |       0 |   0.0 |      21 |       0 |   0.0
        D:2 |      68 |       0 |   0.0 |      18 |       0 |   0.0
        D:3 |      44 |       0 |   0.0 |      17 |       0 |   0.0
            +---------+---------+-------+---------+---------+-------
